 Dungeon Crawl Stone Soup version 0.21-a0-508-gf08a75f (webtiles) character file.

341 tof the Slasher (level 6, 0/48 HPs)
             Began as a Demonspawn Monk on Nov 28, 2017.
             Succumbed to a worker ant's poison
             ... on level 4 of the Dungeon.
             The game lasted 00:07:01 (3758 turns).

tof the Slasher (Demonspawn Monk)                   Turns: 3758, Time: 00:07:01

Health: 0/48       AC: 11    Str: 11    XL:     6   Next: 30%
Magic:  3/6        EV:  6    Int: 12    God:
Gold:   128        SH:  0    Dex: 17    Spells: 4/5 levels left

rFire    . . .     SeeInvis .   a - +0 falchion
rCold    . . .     Gourm    .   (no shield)
rNeg     . . .     Faith    .   i - +0 chain mail
rPois    .         Spirit   +   (helmet restricted)
rElec    .         Reflect  .   B - +0 cloak
rCorr    .         Harm     .   (no gloves)
MR       .....                  (no boots)
Stlth    ..........             r - amulet of guardian spirit
HPRegen  0.16/turn              e - ring of flight
MPRegen  0.10/turn              (no ring)

@: lethally poisoned (0 -> -5)
A: antennae 1, thin metallic scales 1
a: Evoke Flight


You were on level 4 of the Dungeon.
You were hungry.

You visited 1 branch of the dungeon, and saw 4 of its levels.

You collected 128 gold pieces.

Inventory:

Hand Weapons
 a - a +0 falchion (weapon)
Armour
 i - a +0 chain mail (worn)
 y - a cursed +0 helmet
 B - a +0 cloak (worn)
Jewellery
 e - a ring of flight (left hand)
 r - an amulet of guardian spirit (around neck)
Wands
 C - a wand of polymorph (6)
Scrolls
 f - 3 scrolls of remove curse {unknown}
 g - a scroll of amnesia {unknown}
 k - 3 scrolls of teleportation {unknown}
 m - a scroll of enchant weapon {unknown}
 p - a scroll of fear {unknown}
 q - 4 scrolls of identify {unknown}
 s - a scroll of immolation {unknown}
 u - a scroll of fog {unknown}
Potions
 b - a potion of flight {unknown}
 d - 4 potions of degeneration
 h - a potion of agility {unknown}
 o - a potion of invisibility {unknown}
 t - 2 potions of berserk rage {unknown}
 v - 2 potions of lignification {unknown}
 w - 2 potions of curing {unknown}
 x - 2 potions of magic {unknown}
 z - a potion of resistance {unknown}
Books
 A - a book of Conjurations

   Spells                             Type                      Level
   a - Magic Dart                     Conjuration                  1
   b - Searing Ray                    Conjuration                  2
   c - Dazzling Spray                 Conjuration/Hexes            3
   d - Fulminant Prism                Conjuration/Hexes            4
   e - Force Lance                    Conjuration/Translocation    4
   f - Iskenderun's Mystic Blast      Conjuration                  4
 E - a book of the Tempests

   Spells                             Type                      Level
   a - Static Discharge               Conjuration/Air              3
   b - Lightning Bolt                 Conjuration/Air              5
   c - Ignition                       Fire                         8
   d - Tornado                        Air                          9
   e - Shatter                        Earth                        9
Comestibles
 c - 2 bread rations
 j - 4 chunks of flesh
 l - 5 fruits
 n - a meat ration
 D - 2 royal jellies


   Skills:
 + Level 4.0 Fighting
 * Level 4.4 Long Blades
 + Level 1.7 Armour
 + Level 3.6 Dodging
 + Level 3.1 Stealth


You had 4 spell levels left.
You knew the following spells:

 Your Spells              Type           Power        Failure   Level  Hunger
a - Magic Dart            Conj           #...         100%        1    ##.....


Dungeon Overview and Level Annotations

Branches:
Dungeon (4/15)
 Temple: D:4-7

Altars:
Cheibriados
Nemelex Xobeh
Trog
Uskayaw
Yredelemnul
Zin


Innate Abilities, Weirdness & Mutations

You have a pair of small antennae on your head.
You are partially covered in thin metallic scales. (AC +2)


Message History

* * * LOW HITPOINT WARNING * * *
You feel sick. The worker ant bites you.
* * * LOW HITPOINT WARNING * * *
You hit the worker ant.
You kill the worker ant!
Your Fighting skill increases to level 4!
* * * LOW HITPOINT WARNING * * *
You feel sick.
You hit the shadow imp.
The shadow imp is heavily wounded.
The shadow imp hits you.
* * * LOW HITPOINT WARNING * * *
Your chain mail prevents you from hitting the shadow imp.
The shadow imp is heavily wounded.
* * * LOW HITPOINT WARNING * * *
You feel sick.
The shadow imp hits you but does no damage.
You closely miss the shadow imp.
The shadow imp is heavily wounded.
You die...

#################......##
.......)...w.....[.?.......
...........................
..
#################......##.##
#. # #......# .# #.#
#......# .. ##(. ###
######## #. ... ..#
###################.###. ..#
#.....5@..........#...#. ..#
#.###############.# #.#.
..########.## #.# #.[.
......5...a.# #######.###...
.....⌠.⌠....# #.............
##...._.....# #.......######
#...⌠.⌠....# #.......#
#####'###### ######.......#
#.# #....).......#


You could see a shadow imp.

Vanquished Creatures
  Sigmund (D:3)
  A bullfrog skeleton (D:3)
  2 worker ants (D:4)
  4 adders
  A river rat (D:3)
  2 worms (D:2)
  A dart slug (D:3)
  2 leopard geckos (D:1)
  2 orcs
  A ball python (D:2)
  5 giant cockroaches
  8 goblins
  4 hobgoblins
  15 bats
  A frilled lizard (D:4)
  2 kobolds
  6 rats
58 creatures vanquished.

Notes
Turn   | Place    | Note
-------+----------+-------------------------------------------
     0 | D:1      | tof the Demonspawn Monk began the quest for the Orb.
     0 | D:1      | Reached XP level 1. HP: 18/18 MP: 1/1
   356 | D:1      | Gained mutation: You are partially covered in thin metallic scales. (AC +2) [demonic ancestry]
   356 | D:1      | Reached XP level 2. HP: 15/24 MP: 2/2
  1384 | D:2      | Reached XP level 3. HP: 19/29 MP: 3/3
  1811 | D:2      | Found a basalt altar of Yredelemnul.
  1814 | D:2      | Found a bloodstained altar of Trog.
  1824 | D:2      | Found a hide-covered altar of Uskayaw.
  1827 | D:2      | Found a glowing silver altar of Zin.
  2410 | D:3      | Reached XP level 4. HP: 11/35 MP: 0/4
  2696 | D:3      | Noticed Sigmund
  2752 | D:3      | Killed Sigmund
  2752 | D:3      | Reached skill level 1 in Armour
  2752 | D:3      | Reached XP level 5. HP: 23/42 MP: 2/5
  3054 | D:3      | Gained mutation: You have a pair of small antennae on your head. [demonic ancestry]
  3054 | D:3      | Reached XP level 6. HP: 28/48 MP: 4/6
  3188 | D:3      | Found a snail-covered altar of Cheibriados.
  3547 | D:4      | Learned a level 1 spell: Magic Dart
  3632 | D:4      | Found a sparkling altar of Nemelex Xobeh.
  3756 | D:4      | HP: 2/48 [shadow imp (1)]
  3758 | D:4      | Succumbed to a worker ant's poison

Vault maps used:
D:1:      lightli_arrival_windingriver, kennysheep_another_room
D:2:      grunt_temple_overflow_cloverleaf, first_bread
D:3:      cheibrodos_sewer_entry_sluice, cheibriados_altar_1, uniq_sigmund
D:4:      nemelex_xobeh_ov_fountains_minmay

Skill      XL: |  1  2  3  4  5  6 |
---------------+-------------------+-----
Stealth        | 2 3 |  3.1
Long Blades    | 3 4 |  4.4
Dodging        | 3 |  3.6
Armour         | 1 |  1.7
Fighting       | 4 |  4.0

Action                   |  1- 3 |  4- 6 || total
-------------------------+-------+-------++-------
Melee: Falchion          |   191 |   153 ||   344
  Use: Potion            |     2 |     2 ||     4
 Stab: Sleeping          |     3 |       ||     3
  Eat: Chunk             |     5 |     4 ||     9
Armor: Robe              |    17 |       ||    17
       Chain mail        |   111 |   110 ||   221
Dodge: Dodged            |   108 |    46 ||   154
       Rpst.: Falchion   |    42 |    13 ||    55

Table legend:
 A = Spawn XP
 B = Non-spawn XP
 C = Spawn XP percentage of total XP
 D = Spawn monster count
 E = Non-spawn monster count
 F = Spawn count percentage of total count
 G = Total turns spent on level
                    A         B        C        D         E        F      G
               +---------+---------+-------+---------+---------+-------+---------
         Total |       0 |     488 |   0.0 |       0 |      58 |   0.0 |  3758
               +---------+---------+-------+---------+---------+-------+---------
           D:1 |       0 |      27 |   0.0 |       0 |      18 |   0.0 |  1233
           D:2 |       0 |      26 |   0.0 |       0 |      12 |   0.0 |   753
           D:3 |       0 |     351 |   0.0 |       0 |      23 |   0.0 |  1487
           D:4 |       0 |      84 |   0.0 |       0 |       5 |   0.0 |   285
               +---------+---------+-------+---------+---------+-------+---------
